 Dungeon Crawl Stone Soup version 0.30-a0-709-gcdc1b43e22 (webtiles) character file.

Game seed: 16531307858918482779

1140 CrazyBamboolord the Insei (level 8, -3/44 (51) HPs)
             Began as an Octopode Transmuter on Jan 22, 2023.
             Was a Follower of Nemelex Xobeh.
             Slain by a wight
             ... wielding a +2 falchion
              (10 damage)
             ... on level 5 of the Dungeon.
             The game lasted 00:12:24 (5063 turns).

CrazyBamboolord the Insei (Octopode Transmuter)     Turns: 5063, Time: 00:12:24

HP:   -3/44 (51)    AC:  5    Str: 15    XL:     8   Next: 37%
MP:   22/22         EV: 14    Int: 18    God:    Nemelex Xobeh [*.....]
Gold: 347           SH:  5    Dex: 12    Spells: 8/14 levels left

rFire   + . .      SeeInvis .      - Unarmed
rCold   . . .      Faith    .    (no shield)
rNeg    . . .      Spirit   .    (helmet restricted)
rPois   .          Reflect  +    e - amulet of reflection
rElec   .          Harm     .    j - +4 ring of protection
rCorr   .          Rampage  .    q - ring of protection from cold
Will    .....                    r - +6 ring of strength
Stlth   +++                      u - ring of magical power
HPRegen 0.27/turn                o - ring of fire
MPRegen 0.18/turn                (no ring)
                                 (no ring)
                                 (no ring)

@: heavily drained
A: almost no armour, amphibious, 8 rings, camouflage 1, gelatinous body 1,
(nimble swimmer 1), tentacles
a: Renounce Religion, Draw Escape, Draw Destruction, Draw Summoning


You were on level 5 of the Dungeon.
You worshipped Nemelex Xobeh.
Nemelex Xobeh was aware of your devotion.
You visited 2 branches of the dungeon, and saw 7 of its levels.

You collected 347 gold pieces.

Inventory:

Jewellery
 e - an amulet of reflection (around mantle)
 j - a +4 ring of protection (left tentacle)
 o - a ring of fire (on tentacle)
 q - a ring of protection from cold (right tentacle)
 r - a +6 ring of strength (on tentacle)
 u - a ring of magical power (on tentacle)
Wands
 n - a wand of flame (40)
Scrolls
 c - 4 scrolls of enchant armour
 d - a scroll of enchant weapon {unknown}
 g - 3 scrolls of noise
 i - 4 scrolls of poison
 k - 2 scrolls of amnesia {unknown}
 m - a scroll of summoning
 p - a scroll of vulnerability {unknown}
 t - a scroll of fear {unknown}
 x - a scroll of torment {unknown}
 y - a scroll of immolation {unknown}
Potions
 a - 2 potions of lignification
 b - 4 potions of attraction
 f - a potion of invisibility {unknown}
 h - a potion of flight {unknown}
 l - 3 potions of curing
 s - a potion of might {unknown}
 v - a potion of haste {unknown}
 w - a potion of ambrosia {unknown}
 z - a potion of mutation


   Skills:
 * Level 2.9 Fighting
 * Level 3.9 Dodging
 + Level 2.7 Stealth
 + Level 0.8 Shields
 * Level 6.0 Unarmed Combat
 * Level 3.6 Spellcasting
 * Level 3.7 Transmutations
 * Level 3.7 Poison Magic
 * Level 2.2 Invocations


You had 8 spell levels left.
You knew the following spells:

 Your Spells              Type           Power      Damage    Failure   Level
a - Beastly Appendage     Tmut           32%        N/A       3%          1
b - Wereblood             Tmut           16%        N/A       4%          2
c - Spider Form           Tmut/Pois      16%        N/A       10%         3

Your spell library contained the following spells:

 Spells                   Type           Power      Damage    Failure   Level
 Poisonous Vapours        Pois/Air       18%        N/A       11%         2
 Cigotuvi's Dreadful Rot  Necr/Pois/Air  14%        N/A       14%         2
 Ensorcelled Hibernation  Hex/Ice        6%         N/A       24%         2
 Mephitic Cloud           Conj/Pois/Air  7%         N/A       28%         3
 Ice Form                 Ice/Tmut       10%        N/A       56%         4
 Anguish                  Hex/Necr       1%         N/A       83%         4


Dungeon Overview and Level Annotations

Branches:
Dungeon (6/15)             Temple (1/1) D:4

Altars:
Dithmenos
Elyvilon
Gozag
Hepliaklqana
Kikubaaqudgha
Nemelex Xobeh
Ru
Trog
Vehumet
Yredelemnul


Innate Abilities, Weirdness & Mutations

You cannot wear most types of armour.
You are amphibious.
You can wear up to eight rings at the same time.
Your skin changes colour to match your surroundings (Stealth+).
Your rubbery body absorbs attacks. (AC +1, EV +1)
((You are camouflaged when in or above water. (Stealth+)))
You have tentacles for arms and can constrict up to eight enemies at once.


Message History

You climb upwards.
There is a stone staircase leading down here.
You bite the wight!
The wight is heavily damaged.
The wight completely misses you.
You hit the wight but do no damage.
The wight is heavily damaged.
The wight barely misses you.
You barely miss the wight.
The wight is heavily damaged.
Your transformation is almost over.
The wight closely misses you.
You bite the wight!
You destroy the wight!
No target in view!
You climb downwards.
The wight misses you. You block the wight's attack. x2
The wight barely misses you.
There is a stone staircase leading up, spattered with blood here.
The wight misses you. The wight barely misses you.
You climb upwards.
There is a stone staircase leading down here.
You bite the wight!
The wight is heavily damaged.
The wight hits you with a +2 falchion. The wight misses you.
You hit the wight.
The wight is almost destroyed.
Your transformation has ended.
The wight hits you with a +2 falchion! The wight hits you with a +0 halberd!
You feel drained.
* * * LOW HITPOINT WARNING * * *
You tentacle-slap the wight.
You destroy the wight!
The wight barely misses you.
Your Unarmed Combat skill increases to level 6!
You feel better. The wight hits you with a +2 falchion!
* * * LOW HITPOINT WARNING * * *
You draw a card...
You have drawn the Cloud.
Clouds appear around you! The wight hits you with a +2 falchion!
You die...
Your body disappears without a glow.

#.....# #..).†..#####
#.....##########...........#####
#......................###......
#.....###########.....####......
#.....# ##...## #....... ###.###
##### #..#.... #.#
#######..###.# ##.##
#######.......###... ###...#####
#.)@z§..#####..##._. #.........#
#.####### #....... #.#...###.#
#.# #.....## #.##.## #.# #.#
##.....# #.##.# #.# #.# #.#....
#.##.####.# ##.# #.##...
#.##......###..######## #.##..#
#.#######.............# #.##.##
#.# ###.##.#.##.###.# #.##.##


You could see a wight.

Vanquished Creatures
  Sigmund (D:2)
  An ice beast (D:5)
  A phantom (D:5)
  Blork the orc (D:5)
  A necrophage (D:5)
  2 scorpions
  3 wights
  3 hounds
  2 jellies
  An orc priest (D:4)
  3 iguanas
  6 adders
  A white imp (D:4)
  An ufetubus (D:6)
  2 dart slugs
  14 orcs
  6 ball pythons
  5 endoplasms
  3 giant cockroaches
  6 goblins
  8 hobgoblins
  3 quokkas
  3 bats
  6 frilled lizards
  8 kobolds
  4 rats
95 creatures vanquished.

Vanquished Creatures (others)
  2 plants (D:4)
2 creatures vanquished.

Grand Total: 97 creatures vanquished

Notes
Turn   | Place    | Note
-------+----------+-------------------------------------------
     0 | D:1      | CrazyBamboolord the Octopode Transmuter began the quest for
                  | the Orb.
     0 | D:1      | Reached XP level 1. HP: 13/13 MP: 3/3
   203 | D:1      | Reached XP level 2. HP: 12/18 MP: 3/5
   268 | D:1      | Found a faded altar of an unknown god.
  1179 | D:2      | Learned a level 2 spell: Wereblood
  1230 | D:2      | Reached XP level 3. HP: 23/23 MP: 4/6
  1234 | D:2      | Learned a level 3 spell: Spider Form
  1595 | D:2      | Noticed Sigmund
  1834 | D:3      | Identified the +2 spear "Cukeg" {pain, Str+3}
  1977 | D:3      | Reached skill level 1 in Poison Magic
  2158 | D:3      | Reached XP level 4. HP: 26/28 MP: 5/7
  2441 | D:4      | Found a sacrificial altar of Ru.
  2478 | D:4      | Found a staircase to the Ecumenical Temple.
  2509 | Temple   | Entered the Ecumenical Temple
  2548 | Temple   | Became a worshipper of Nemelex Xobeh the Trickster
  2581 | D:4      | Reached XP level 5. HP: 33/33 MP: 6/8
  2619 | D:4      | Reached skill level 1 in Stealth
  2619 | D:4      | Reached skill level 4 in Unarmed Combat
  2741 | D:4      | Reached XP level 6. HP: 22/39 MP: 8/10
  3110 | D:5      | Entered Level 5 of the Dungeon
  3141 | D:5      | Noticed an ice beast
  3149 | D:5      | Killed an ice beast
  3150 | D:5      | Reached XP level 7. HP: 45/45 MP: 8/11
  3192 | D:5      | Reached skill level 1 in Invocations
  3266 | D:5      | Found an opulent altar of Gozag.
  3270 | D:5      | Reached * piety under Nemelex Xobeh
  3388 | D:5      | Found a bloodstained altar of Trog.
  3448 | D:5      | Found a hazy altar of Hepliaklqana.
  3479 | D:5      | Reached skill level 5 in Unarmed Combat
  3907 | D:5      | Noticed Blork the orc
  3926 | D:5      | Killed Blork the orc
  4145 | D:2      | Killed Sigmund
  4146 | D:2      | Reached XP level 8. HP: 39/51 MP: 13/13
  4499 | D:2      | Received a gift from Nemelex Xobeh
  5062 | D:5      | Reached skill level 6 in Unarmed Combat
  5063 | D:5      | Slain by a wight

Illustrated notes

Levels and vault maps discovered:
D:1:      matt_arrival_spirals, layout_basic, basic_ecumenical_altar,
          moated_statue
D:2:      layout_basic, uniq_sigmund
D:3:      layout_loops_ring
D:4:      layout_cave_pools, mainiacjoe_overflow_alcove_1,
          minmay_temple_entry_gardened_gates
D:5:      layout_loops_ring, worldfamousw_hep_ancestral_shrine,
          trog_three_pillars_becter, amcnicky_altar_gilded, grunt_ministairs_12,
          serial_bayou_lake_a, uniq_blork_the_orc
D:6:      layout_rooms, lemuel_doored_altar
Temple:   hellmonk_temple_micro_hex

Skill      XL: |  1  2  3  4  5  6  7  8 |
---------------+-------------------------+-----
Poison Magic   | 1 2 3 |  3.7
Dodging        | 3 |  3.9
Stealth        | 1 2 |  2.7
Unarmed Combat | 4 5 6 |  6.0
Transmutations | 3 |  3.7
Fighting       | 2 |  2.9
Spellcasting   | 3 |  3.6
Invocations    | 1 2 |  2.2
Shields        | |  0.8

Action                     |  1- 3 |  4- 6 |  7- 9 || total
---------------------------+-------+-------+-------++-------
  Melee: Unarmed           |    80 |    88 |    86 ||   254
         Constrict         |    23 |    20 |     8 ||    51
         Kick              |    22 |    25 |    11 ||    58
         Tentacles         |    13 |    21 |    11 ||    45
         Punch             |     1 |     2 |       ||     3
   Cast: Beastly Appendage |    29 |    10 |    15 ||    54
         Wereblood         |       |     2 |     1 ||     3
         Spider Form       |       |     2 |     4 ||     6
 Invoke: Draw Escape       |       |       |     1 ||     1
    Use: Scroll            |     2 |     2 |     2 ||     6
         Potion            |       |       |     1 ||     1
   Stab: Sleeping          |     6 |     2 |     9 ||    17
 Armour: Skin              |     8 |    24 |     6 ||    38
  Dodge: Dodged            |    33 |    74 |    50 ||   157
  Block: Other             |     8 |    22 |    21 ||    51
         Reflection        |     1 |       |     1 ||     2

Table legend: (Time is in decaauts)
 A = Elapsed time spent in this place.
 B = Non-inter-level travel time spent in this place.
 C = Inter-level travel time spent in this place.
 D = Time resting spent in this place.
 E = Time spent auto-exploring this place.
 F = Levels seen in this place.
 G = Mean time per level.
                   A        B        C        D        E       F      G
               +--------+--------+--------+--------+--------+-----+--------+
         Total |   5045 |   4689 |    356 |     88 |   3760 |   7 |  720.7 |
       Dungeon |   5000 |   4648 |    352 |     88 |   3760 |   6 |  833.3 |
        Temple |     44 |     40 |      4 |      0 |      0 |   1 |   44.0 |
               +--------+--------+--------+--------+--------+-----+--------+

Top non-repeatable levels by time:
     D:2: 1289 daAuts
     D:1: 1171 daAuts
     D:5: 1059 daAuts
     D:3: 736 daAuts
     D:4: 663 daAuts
     D:6: 81 daAuts
  Temple: 44 daAuts
